 Dungeon Crawl Stone Soup version 0.22.1-2-g9c5b331 (webtiles) character file.

158 Torikoriko the Charmwright (level 5, -9/41 HPs)
             Began as a Demonspawn Skald on Nov 19, 2018.
             Mangled by a gnoll
             ... wielding a +0 flail
              (13 damage)
             ... on level 1 of the Dungeon.
             The game lasted 00:10:01 (3355 turns).

Torikoriko the Charmwright (Demonspawn Skald)       Turns: 3355, Time: 00:10:01

Health: -9/41      AC:  6    Str: 12    XL:     5   Next: 16%
Magic:  7/8        EV:  8    Int: 15    God:
Gold:   157        SH:  7    Dex: 12    Spells: 5/8 levels left

rFire    . . .     SeeInvis .   a - +0 falchion
rCold    . . .     Gourm    .   C - +0 shield
rNeg     . . .     Faith    .   f - +0 ring mail
rPois    .         Spirit   .   (no helmet)
rElec    .         Reflect  .   g - +0 cloak (curse)
rCorr    .         Harm     .   (no gloves)
MR       .....                  (no boots)
Stlth    +.........             (no amulet)
HPRegen  0.13/turn              (no ring)
MPRegen  0.11/turn              (no ring)

@: infused, very slightly contaminated
A: talons 1
a: no special abilities


You were on level 1 of the Dungeon.
You were hungry.

You visited 1 branch of the dungeon, and saw 3 of its levels.

You collected 157 gold pieces.

Inventory:

Hand Weapons
 a - a +0 falchion (weapon)
 b - a +0 hunting sling
 s - a +0 hunting sling
 x - a +0 hunting sling
Missiles
 i - 161 stones (quivered)
 l - 40 sling bullets
 n - 17 arrows
 E - 2 tomahawks
Armour
 f - a +0 ring mail (worn)
 g - a cursed +0 cloak (worn)
 B - a +0 leather armour
 C - a +0 shield (worn)
Jewellery
 u - an uncursed amulet of regeneration {unknown}
 w - an uncursed amulet of faith {unknown}
Wands
 D - a wand of paralysis (5)
Scrolls
 j - 3 scrolls of amnesia {unknown}
 p - a scroll of fear {unknown}
 q - 2 scrolls of identify {unknown}
 r - a scroll of blinking {unknown}
 t - a scroll of teleportation {unknown}
 v - a scroll of enchant weapon {unknown}
 y - a scroll of enchant armour {unknown}
 A - a scroll of magic mapping {unknown}
Potions
 c - 3 potions of curing {unknown}
 e - a potion of mutation {unknown}
 h - a potion of haste {unknown}
 k - 4 potions of flight {unknown}
 m - 2 potions of degeneration {unknown}
 o - a potion of ambrosia {unknown}
 z - a potion of agility {unknown}
Comestibles
 d - 6 rations


   Skills:
 + Level 3.0 Fighting
 + Level 2.8 Long Blades
 + Level 2.2 Armour
 - Level 1.7 Dodging
 * Level 0.6 Shields
 - Level 2.0 Spellcasting
 + Level 3.5 Charms


You had 5 spell levels left.
You knew the following spells:

 Your Spells              Type           Power        Failure   Level  Hunger
a - Infusion              Chrm           ##..         58%         1    #......
b - Song of Slaying       Chrm           ##......     75%         2    ###....

Your spell library contained the following spells:

 Spells                   Type           Power        Failure   Level  Hunger
 Shroud of Golubria       Chrm/Tloc      #.........   93%         2    ###....
 Regeneration             Chrm/Necr      #.........   99%         3    ###....
 Spectral Weapon          Hex/Chrm       #.......     99%         3    ###....


Dungeon Overview and Level Annotations

Branches:
Dungeon (3/15)

Altars:
Elyvilon
Vehumet


Innate Abilities, Weirdness & Mutations

You have sharp toenails.


Message History

Okay, then.
Unknown command.
Casting: Song of Slaying (safe; 75% risk of failure)
Confirm with . or Enter, or press ? or * to list all spells.
You miscast Infusion.
You are very lightly contaminated with residual magic.
Your hands glow momentarily.
You are feeling hungry.
The gnoll closely misses you.
Casting: Infusion (safe; 58% risk of failure)
Confirm with . or Enter, or press ? or * to list all spells.
You begin infusing your attacks with magical energy.
The gnoll closely misses you.
You closely miss the gnoll.
The gnoll is lightly wounded.
The gnoll hits you with a flail.
* * * LOW HITPOINT WARNING * * *
You block the gnoll's attack. The gnoll hits you with a flail!
You die...

#.#.#.# #.#
#####.###.####
#####'#.#.######)#
#...).........
........#.##.....#
#.....###.####
........#..'.....#
#..>..# #.#
........####.....#
#.....# #.#
....)...# #.....#
#.....###.#
........# #.....#
##.....##.#
........# #.....#
#.######.####
###...#.# #....@#
#.# #.....
#.......# #...g.#
#.###########
#.......# #.....#
#..........##
#.......# #.....#
#########...#
#...#...# #######
#...# #.#.#.###
#...# #.#.#.#
#...# #.#.#.######
#...# #..........#
#...#


You could see a gnoll.

Vanquished Creatures
  2 gnolls (D:2)
  5 adders
  3 worms (D:3)
  3 dart slugs
  2 leopard geckos
  2 orcs (D:3)
  5 giant cockroaches
  7 goblins
  9 hobgoblins
  3 quokkas
  12 bats
  3 frilled lizards
  11 kobolds
  10 rats
77 creatures vanquished.

Vanquished Creatures (others)
  A worm (D:2)
1 creature vanquished.

Grand Total: 78 creatures vanquished

Notes
Turn   | Place    | Note
-------+----------+-------------------------------------------
     0 | D:1      | Torikoriko the Demonspawn Skald began the quest for the
                  | Orb.
     0 | D:1      | Reached XP level 1. HP: 16/16 MP: 3/3
    67 | D:1      | Reached skill level 1 in Armour
   265 | D:1      | Gained mutation: You have sharp toenails. [demonic
                  | ancestry]
   265 | D:1      | Reached XP level 2. HP: 18/22 MP: 5/5
   789 | D:1      | Learned a level 2 spell: Song of Slaying
  1155 | D:2      | Found a radiant altar of Vehumet.
  1209 | D:2      | Reached XP level 3. HP: 28/28 MP: 6/6
  1281 | D:2      | Found a white marble altar of Elyvilon.
  1617 | D:2      | Reached XP level 4. HP: 27/34 MP: 7/7
  2821 | D:3      | Reached XP level 5. HP: 33/41 MP: 8/8
  3355 | D:1      | Mangled by a gnoll

Skill      XL: |  1  2  3  4 |
---------------+-------------+-----
Armour         | 1 2 |  2.2
Long Blades    | 2 |  2.8
Charms         | 3 |  3.5
Fighting       | 3 |  3.0
Dodging        | |  1.7
Shields        | |  0.6
Spellcasting   | |  2.0

Action                   |  1- 3 |  4- 6 || total
-------------------------+-------+-------++-------
Melee: Falchion          |   105 |   113 ||   218
       Kick              |    12 |    23 ||    35
 Fire: Hunting sling     |       |     8 ||     8
 Cast: Song of Slaying   |     2 |     2 ||     4
       Infusion          |     1 |     4 ||     5
  Eat: Chunk             |     3 |     5 ||     8
Armor: Ring mail         |    55 |    62 ||   117
Dodge: Dodged            |    51 |    69 ||   120
Block: Shield            |       |    30 ||    30
       Rpst.: Falchion   |    18 |    14 ||    32
